 Dungeon Crawl Stone Soup version 0.18-a0-1789-gbeff17f (webtiles) character file.

41 macross the Shield-Bearer (level 3, 0/30 HPs)
             Began as a Formicid Fighter on Apr 21, 2016.
             Slain by dobroeutro's ghost (9 damage)
             ... on level 3 of the Dungeon.
             The game lasted 00:05:12 (1426 turns).

macross the Shield-Bearer (Formicid Fighter)        Turns: 1426, Time: 00:05:12

Health: 0/30       AC:  7    Str: 20    XL:     3   Next: 75%
Magic:  3/3        EV:  8    Int:  7    God:
Gold:   53         SH:  9    Dex: 11    Spells: 0 memorised, 2 levels left

rFire  . . .     SeeInvis +     j - -3 dagger (curse)
rCold  . . .     Gourm    .     b - +0 scale mail
rNeg   . . .     Faith    .     c - +0 shield
rPois  .         Spirit   .     (helmet unavailable)
rElec  .         Dismiss  .     (no cloak)
rCorr  .         Reflect  .     (no gloves)
SustAt .         Harm     .     (no boots)
MR     .....                    (no amulet)
Stlth  ..........               (no ring)
                                (no ring)

@: not resistant to hostile enchantments, extremely unstealthy
A: permanent stasis, dig shafts and tunnels, four strong arms, antennae 3
a: Dig, Shaft Self


You were on level 3 of the Dungeon.
You were very full.

You visited 1 branch of the dungeon, and saw 3 of its levels.

You collected 53 gold pieces.

Inventory:

Hand Weapons
 a - a +1 long sword
 h - a +2 dagger of protection
 j - a cursed -3 dagger (weapon)
 m - a +3 short sword
Armour
 b - a +0 scale mail (worn)
 c - a +0 shield (worn)
Scrolls
 e - a scroll of teleportation
 i - a scroll of identify
 l - 3 scrolls of immolation {unknown}
Potions
 d - a potion of might
 f - a potion of magic {unknown}
 g - 3 potions of curing
 k - a potion of flight {unknown}


   Skills:
 + Level 3.7 Fighting
 + Level 0.2(1.3) Short Blades
 + Level 2.2 Long Blades
 + Level 3.7 Armour
 + Level 0.6 Dodging
 + Level 4.2 Shields


You had 2 spell levels left.
You didn't know any spells.

Dungeon Overview and Level Annotations

Branches:
Dungeon (2/15)

Altars:

Annotations:
D:3 dobroeutro's ghost, amateur GrFi


Innate Abilities, Weirdness & Mutations

You are under a permanent stasis effect.
You can dig through walls and to a lower floor.
Your four strong arms can wield two-handed weapons with a shield.
You have a pair of large antennae on your head (SInv).


Message History

You hit the orc.
The orc is heavily wounded.
You hit the orc.
You kill the orc!
Dobroeutro's ghost (amateur Gargoyle Fighter) comes into view.
You see here a hand axe.
Dobroeutro's ghost turns its malevolent gaze towards you.
Found a purple potion.
You see here a hand axe.
You see here a hand axe.
You hit dobroeutro's ghost but do no damage.
Dobroeutro's ghost hits you but does no damage.
You closely miss dobroeutro's ghost. Dobroeutro's ghost hits you!
You hit dobroeutro's ghost but do no damage.
Dobroeutro's ghost hits you!
* * * LOW HITPOINT WARNING * * *
You barely miss dobroeutro's ghost. Dobroeutro's ghost closely misses you.
You hit dobroeutro's ghost but do no damage.
Dobroeutro's ghost hits you!
You die...

#.# #.#.#######.##
............##
...####.....## #####
#..###.......##
#...###..##.........###
#.....................#
####...####......<.....#.#
#........@W...........##.#
#.###.######..##.>...###.#
#.# #..###...## #.# #.##
#..###÷#.####.# #. #..#
#....†###.....# .#.# ##.##
##.###.#.######
....##...## !# #.#
{#.#..#.#.###... #.#
#............. . .


You could see dobroeutro's ghost.

Vanquished Creatures
  2 adders
  2 orcs (D:3)
  2 hobgoblins
  A quokka (D:3)
  3 bats
  3 giant newts (D:3)
  4 goblins
  3 kobolds
  2 rats
22 creatures vanquished.

Notes
Turn   | Place    | Note
--------------------------------------------------------------
     0 | D:1      | macross the Formicid Fighter began the quest for the Orb.
     0 | D:1      | Reached XP level 1. HP: 18/18 MP: 1/1
   216 | D:2      | Reached XP level 2. HP: 24/24 MP: 2/2
   231 | D:2      | You fall through a shaft!
   392 | D:3      | Reached XP level 3. HP: 28/30 MP: 3/3
   873 | D:3      | Reached skill level 4 in Shields
   975 | D:3      | HP: 1/30 [hobgoblin/club (2)]
   985 | D:3      | HP: 1/30 [hobgoblin/club (1)]
  1415 | D:3      | Noticed dobroeutro's ghost (amateur GrFi)
  1426 | D:3      | Slain by dobroeutro's ghost

Vault maps used:
D:1:      dpeg_arrival_radiant
D:2:      lemuel_coloured_pillars_altar

Skill      XL: |  1  2  3 |
---------------+----------+-----
Shields        | 4 |  4.2
Fighting       | |  3.7
Short Blades   | |  0.2
Long Blades    | |  2.2
Armour         | |  3.7
Dodging        | |  0.6

Action                   || total
-------------------------++-------
Melee: Long sword        ||    47
       Dagger            ||   167
 Abil: Shaft Self        ||     1
  Use: Scroll            ||     4
  Eat: Bread ration      ||     2
Armor: Scale mail        ||    92
Dodge: Dodged            ||    69
Block: Shield            ||   134
